AoeStats
← ZakiDZed

Four Lakes

509882024Analyzed
1v1 RM · 5d ago on Sep 28, 2026· 42m 18s· 2 players
Game mode
Random Map
Map size
Tiny (2 player)
Population
200
Speed
Normal
Resources
Standard
Victory
Conquest
Starting age
Dark Age
Ending age
Imperial Age
RankedLock teamsTeams togetherTeam positionsShared explorationLock speedFull tech treeHidden civsTurbo modeCheats
Victory
Defeat
🇸🇪 Franks · Sweden
1041
+15
🇩🇿 Cumans · Algeria
1010
-15
ZakiDZed
0:42 Loom
9:12 Feudal Age
9:48 Double-Bit Axe
14:29 Horse Collar
17:58 Scale Mail Armor
18:51 Man-at-Arms
26:49 Castle Age
26:28 Bloodlines
26:34 Forging
26:33 Scale Barding Armor
28:18 Heavy Plow
28:49 Forging
37:06 Imperial Age
39:07 Imperial Age
38:18 Wheelbarrow
37:56 Bow Saw
38:52 Ballistics
39:22 Fletching
39:11 Cavalier
41:23 Chain Barding Armor
Wegotaturd?
9:55 Feudal Age
10:14 Loom
11:59 Double-Bit Axe
19:07 Castle Age
16:55 Man-at-Arms
17:43 Scale Mail Armor
19:55 Forging
20:07 Squires
19:28 Long Swordsman
22:17 Stone Mining
23:01 Gold Mining
24:50 Wheelbarrow
24:35 Gambesons
25:00 Arson
27:38 Hand Cart
28:56 Chain Mail Armor
30:05 Iron Casting
29:05 Pikeman
35:59 Imperial Age
36:36 Husbandry
37:04 Conscription
36:22 Elite Throwing Axeman
36:38 Ordonnance Companies
38:51 Chemistry
38:28 Two-Handed Swordsman
39:55 Bow Saw
41:03 Cavalier
43:21 Plate Mail Armor
43:52 Blast Furnace
Connection lost

Rejoining the realm…

Still unreachable

The connection could not be restored.

Session expired

The server has moved on; the page needs a fresh start.